 Dungeon Sprint DCSS version 0.17-a0-1324-ga541562 (webtiles) character file.

12866 Kidiri the Unseen (level 11, -12/87 HPs)
             Began as a Spriggan Enchanter on June 9, 2015.
             Was a High Priest of Dithmenos.
             Killed by angry trees
             ... awakened by a spriggan druid
              (14 damage)
             ... in the Dungeon (Sprint III: "The Ten Rune Challenge").
             The game lasted 00:12:37 (2021 turns).

Kidiri the Unseen (Spriggan Enchanter)              Turns: 2021, Time: 00:12:37

Health: -12/87     AC:  1    Str:  9      XL:     11   Next: 68%
Magic:  20/29      EV: 32    Int: 18      God:    Dithmenos [*****.]
Gold:   36         SH:  0    Dex: 18 (19) Spells: 5 memorised, 25 levels left

rFire  . . .     SeeInvis +     a - +3 dagger
rCold  + . .     Clarity  .     k - +0 robe {MR+}
rNeg   . . .     SustAt   .     (shield restricted)
rPois  .         Gourm    .     (helmet restricted)
rElec  +         Spirit   .     (no cloak)
rCorr  .         Warding  .     (gloves unavailable)
rMut   .         NoTele   +     (boots unavailable)
MR     ++...                    (no amulet)
Stlth  ..........               (no ring)
                                (no ring)

@: berserking, wreathed by umbra, very quick, very resistant to hostile
enchantments, extremely unstealthy
A: unfitting armour, see invisible, cold resistance 1, deformed body,
deterioration 1, herbivore 3, speed 3, electricity resistance, slow metabolism
2, wild magic 1
a: Shadow Step, Shadow Form, Renounce Religion


You were in the Dungeon.
You worshipped Dithmenos.
Dithmenos was extremely pleased with you.
You were not hungry.

You visited 1 branch You collected 36 gold pieces.

Inventory:

Hand weapons
 a - a +3 dagger (weapon)
 u - a +2 scythe of distortion
 v - a +0 blowgun
Missiles
 r - 11 throwing nets (quivered)
 w - 7 curare-tipped needles
Armour
 b - a +1 robe
 k - a +0 robe of magic resistance (worn)
Magical devices
 t - a wand of digging (3)
 y - a wand of digging (17)
Scrolls
 j - a scroll of blinking
 n - 2 scrolls of remove curse
Potions
 e - a potion of curing
 f - a potion of heal wounds
 g - 2 potions of haste
 h - 2 potions of magic
 o - 2 potions of cure mutation {unknown}
 p - a potion of degeneration {unknown}
 q - a potion of might
 s - a potion of flight {unknown}
Books
 c - a book of Maledictions

   Spells                             Type                      Level
   a - Corona                         Hexes                        1
   b - Ensorcelled Hibernation        Hexes/Ice                    2
   c - Confuse                        Hexes                        3
   d - Tukima's Dance                 Hexes                        3
   e - Dazzling Spray                 Conjuration/Hexes            3
 l - a Grand Grimoire {highlevel, unknown}

   This book is beyond your current level of understanding.

   Spells                             Type                      Level
   a - Monstrous Menagerie            Summoning                    6
   b - Summon Greater Demon           Summoning                    7
   c - Malign Gateway                 Summoning/Translocation      7
   d - Summon Horrible Things         Summoning                    8
Comestibles
 d - 3 bread rations
 i - a royal jelly
 x - 3 fruits


   Skills:
 + Level 6.9 Fighting
 * Level 12.6 Short Blades
 + Level 6.4 Throwing
 * Level 15.8 Dodging
 * Level 17.4 Stealth
 * Level 13.8 Spellcasting
 + Level 6.0 Conjurations
 + Level 10.7 Hexes
 + Level 7.0 Ice Magic
 + Level 7.2 Invocations


You had 25 spell levels left.
You knew the following spells:

 Your Spells              Type           Power        Failure   Level  Hunger
a - Corona                Hex            ######.      1%          1    None
b - Ensorcelled Hibernat  Hex/Ice        ######       1%          2    None
c - Confuse               Hex            ######..     1%          3    None
d - Tukima's Dance        Hex            ######..     1%          3    None
e - Dazzling Spray        Conj/Hex       ######..     3%          3    None


Dungeon Overview and Level Annotations

Branches:
Dungeon (1/1)

Altars:
Cheibriados
Dithmenos
Elyvilon
Fedhas
Gozag
Kikubaaqudgha
Makhleb
Nemelex Xobeh
Okawaru
Qazlal
Ru
Sif Muna
Trog
Vehumet
Xom
Yredelemnul
Zin
The Shining One
Jiyva
Lugonu


Innate Abilities, Weirdness & Mutations

You are tiny and cannot use many weapons and most armour.
You have supernaturally acute eyesight.
You are a herbivore.
You cover ground extremely quickly.
You need consume almost no food.
Your flesh is cold resistant.
Armour fits poorly on your strangely shaped body.
Your body sometimes deteriorates upon taking damage.
You are resistant to electric shocks.
Your spells are a little harder to cast, but a little more powerful.


Message History

Drink which item? (? for menu, Esc to quit)
You feel much better. A root smacks you from below.
* * * LOW HITPOINT WARNING * * *
You emit a cloud of dark smoke.
Drink which item? (? for menu, Esc to quit)
A red film seems to cover your vision as you go berserk!
You feel yourself moving faster!
You feel mighty!
You are hit by a branch!
* * * LOW HITPOINT WARNING * * *
The spriggan druid points at you and mumbles some strange words.
The stone arrow misses you.
You barely miss the spriggan druid.
The spriggan druid hits you with a quarterstaff!
* * * LOW HITPOINT WARNING * * *
You miss the spriggan druid.
Your shadow hits the spriggan druid with a dagger.
You puncture the spriggan druid!
The spriggan druid is moderately wounded.
Your shadow hits the spriggan druid but does no damage.
A tree reaches out and hits you!
You die...

#.≈♣♣♣♣♣♣♣♣♣♣♣♣♣♣♣♣PP#.......#
#..♣♣ ♣♣♣##+########
###+♣♣♣♣♣♣♣♣♣♣♣♣♣♣♣
#...+.≈≈≈≈#
♣♣♣%##..##≈≈≈≈≈≈.%#
#...#.§≈≈≈#
...##.##.#≈≈≈≈§..%#
#..)#.#≈≈≈#
♣.##.##†##'≈≈≈≈≈####+#####.#
§≈≈#
♣..#.##...#≈≈.....§§.#%PPP.#
≈≈≈
♣♣.##.##.)#≈..§#######.)P.P#
≈≈
♣♣.##.#####...#§@ii..#..)PP#
##§
♣.....##%.....#♣♣♣i_.#...)P#
..# ########+######
#####+#####.§.# #.....+..§+
#.########## #.#[PP......
#.#P..))..## #.#P..))###
#.#...###


You could see a spriggan druid (wandering) and 2 spriggans.

Vanquished Creatures
  Sigmund (D)
  Maud (D)
  2 hydras (D)
  Erolcha (D)
  A death drake (D)
  A lindwurm (D)
  2 spiny frogs (D)
  Edmund (D)
  A komodo dragon (D)
  3 wandering mushrooms (D)
  A deep elf priest (D)
  4 spriggan defenders (D)
  A shadow (D)
  2 trapdoor spiders (D)
  4 redbacks (D)
  2 hill giants (D)
  A spatial vortex (D)
  A necrophage (D)
  2 brain worms (D)
  3 two-headed ogres (D)
  A water elemental (D)
  An electric eel (D)
  4 orc priests (D)
  A jelly (D)
  Jessica (D)
  A necromancer (D)
  A wizard (D)
  A kobold demonologist (D)
  3 humans (D)
  2 oozes (D)
  A phantom (D)
  A rat (D)
  A plant (D)
54 creatures vanquished.

Vanquished Creatures (others)
  2 draconian scorchers (D)
  2 yaktaurs (D)
4 creatures vanquished.

Grand Total: 58 creatures vanquished

Notes
Turn   | Place    | Note
--------------------------------------------------------------
     0 | D        | Kidiri the Spriggan Enchanter began the quest for the Orb.
     0 | D        | Reached XP level 1. HP: 9/9 MP: 5/5
    10 | D        | Reached skill level 5 in Stealth
    12 | D        | Reached XP level 2. HP: 14/14 MP: 5/7
    17 | D        | Learned a level 2 spell: Ensorcelled Hibernation
    44 | D        | Noticed Jessica
    63 | D        | Killed Jessica
    63 | D        | Reached skill level 1 in Fighting
    63 | D        | Reached skill level 6 in Stealth
    63 | D        | Reached XP level 3. HP: 9/18 MP: 2/9
    69 | D        | Learned a level 3 spell: Confuse
    73 | D        | Learned a level 3 spell: Tukima's Dance
   102 | D        | Killed a yaktaur
   227 | D        | Killed a white draconian scorcher
   227 | D        | Killed a white draconian scorcher
   244 | D        | Reached skill level 5 in Dodging
   244 | D        | Reached skill level 1 in Ice Magic
   291 | D        | Gained mutation: Armour fits poorly on your strangely shaped body. [potion of mutation]
   291 | D        | Gained mutation: Your flesh is cold resistant. [potion of mutation]
   291 | D        | Gained mutation: Your spells are a little harder to cast, but a little more powerful. [potion of mutation]
   292 | D        | Gained mutation: You are resistant to electric shocks. [potion of mutation]
   292 | D        | Gained mutation: Your body sometimes deteriorates upon taking damage. [potion of mutation]
   426 | D        | Noticed a water elemental
   435 | D        | Killed a water elemental
   435 | D        | Reached skill level 7 in Stealth
   435 | D        | Reached skill level 5 in Spellcasting
   435 | D        | Reached skill level 5 in Hexes
   435 | D        | Reached XP level 4. HP: 23/23 MP: 12/12
   444 | D        | Learned a level 3 spell: Dazzling Spray
   599 | D        | Noticed a jelly
   600 | D        | Noticed a shadow
   602 | D        | Killed a shadow
   602 | D        | Reached skill level 5 in Short Blades
   602 | D        | Reached skill level 8 in Dodging
   602 | D        | Reached skill level 9 in Stealth
   602 | D        | Reached skill level 1 in Conjurations
   602 | D        | Reached XP level 5. HP: 28/28 MP: 13/15
   602 | D        | Reached XP level 6. HP: 32/32 MP: 13/16
   606 | D        | Killed a jelly
   610 | D        | Found a stormy altar of Qazlal.
   611 | D        | Found a sacrificial altar of Ru.
   611 | D        | Found a burning altar of Makhleb.
   611 | D        | Found a viscous altar of Jiyva.
   611 | D        | Found a shimmering altar of Xom.
   611 | D        | Found a shadowy altar of Dithmenos.
   611 | D        | Found a sparkling altar of Nemelex Xobeh.
   611 | D        | Found a corrupted altar of Lugonu.
   611 | D        | Found an opulent altar of Gozag.
   611 | D        | Noticed a spatial vortex
   614 | D        | Killed a spatial vortex
   614 | D        | Reached skill level 10 in Stealth
   616 | D        | Became a worshipper of Dithmenos the Shadowed
   642 | D        | Found a radiant altar of Vehumet.
   642 | D        | Found a deep blue altar of Sif Muna.
   642 | D        | Found an ancient bone altar of Kikubaaqudgha.
   642 | D        | Noticed a wizard
   644 | D        | Killed a wizard
   673 | D        | Found a glowing silver altar of Zin.
   674 | D        | Found a glowing golden altar of the Shining One.
   674 | D        | Found a white marble altar of Elyvilon.
   674 | D        | Noticed a deep elf priest
   678 | D        | Killed a deep elf priest
   678 | D        | Reached skill level 10 in Dodging
   678 | D        | Reached skill level 11 in Stealth
   678 | D        | Reached skill level 1 in Invocations
   678 | D        | Reached XP level 7. HP: 21/36 MP: 15/19
   806 | D        | Found an iron altar of Okawaru.
   806 | D        | Found a bloodstained altar of Trog.
   806 | D        | Noticed a human
   806 | D        | Noticed a human
   809 | D        | Killed a human
   810 | D        | Killed a human
   825 | D        | Found a basalt altar of Yredelemnul.
   825 | D        | Found a snail-covered altar of Cheibriados.
   825 | D        | Found a blossoming altar of Fedhas.
   825 | D        | Noticed a necrophage
   825 | D        | Noticed a necromancer
   841 | D        | Killed a necromancer
   841 | D        | Acquired Dithmenos's first power
   894 | D        | Killed a necrophage
   894 | D        | Reached XP level 8. HP: 42/42 MP: 8/22
  1026 | D        | Noticed a two-headed ogre
  1026 | D        | Noticed a two-headed ogre
  1030 | D        | Killed a two-headed ogre
  1030 | D        | Reached skill level 12 in Stealth
  1032 | D        | Killed a two-headed ogre
  1035 | D        | Noticed a two-headed ogre
  1036 | D        | Killed a two-headed ogre
  1036 | D        | Acquired Dithmenos's second power
  1120 | D        | Noticed a hill giant
  1123 | D        | Killed a hill giant
  1129 | D        | Noticed a hill giant
  1129 | D        | Noticed Erolcha
  1131 | D        | Killed Erolcha
  1131 | D        | Reached skill level 13 in Stealth
  1131 | D        | Reached skill level 10 in Spellcasting
  1131 | D        | Reached XP level 9. HP: 46/46 MP: 22/24
  1132 | D        | Killed a hill giant
  1150 | D        | Noticed a redback
  1152 | D        | Killed a redback
  1197 | D        | Noticed a trapdoor spider
  1201 | D        | Killed a trapdoor spider
  1201 | D        | Acquired Dithmenos's third power
  1329 | D        | Noticed a trapdoor spider
  1331 | D        | Killed a trapdoor spider
  1331 | D        | Reached skill level 1 in Throwing
  1331 | D        | Reached skill level 5 in Ice Magic
  1417 | D        | Noticed Edmund
  1418 | D        | Noticed Sigmund
  1423 | D        | Killed Sigmund
  1423 | D        | Reached skill level 5 in Fighting
  1423 | D        | Reached skill level 14 in Dodging
  1423 | D        | Reached skill level 15 in Stealth
  1423 | D        | Reached skill level 5 in Conjurations
  1423 | D        | Reached skill level 5 in Invocations
  1423 | D        | Reached XP level 10. HP: 50/53 MP: 16/27
  1425 | D        | Killed Edmund
  1569 | D        | Noticed an orc priest
  1569 | D        | Noticed an orc priest
  1571 | D        | Noticed an orc priest
  1571 | D        | Noticed an orc priest
  1572 | D        | Killed an orc priest
  1573 | D        | Killed an orc priest
  1575 | D        | Killed an orc priest
  1577 | D        | Killed an orc priest
  1616 | D        | Noticed a spriggan defender
  1617 | D        | Noticed a spriggan defender
  1617 | D        | Noticed a spriggan defender
  1617 | D        | Noticed a spriggan defender
  1618 | D        | Killed a spriggan defender
  1619 | D        | Killed a spriggan defender
  1621 | D        | Killed a spriggan defender
  1621 | D        | Acquired Dithmenos's fourth power
  1622 | D        | Killed a spriggan defender
  1622 | D        | Reached skill level 16 in Stealth
  1789 | D        | Noticed a wandering mushroom
  1792 | D        | Noticed a wandering mushroom
  1792 | D        | Noticed a wandering mushroom
  1793 | D        | Killed a wandering mushroom
  1796 | D        | Killed a wandering mushroom
  1798 | D        | Killed a wandering mushroom
  1798 | D        | Reached skill level 5 in Throwing
  1798 | D        | Reached XP level 11. HP: 56/56 MP: 19/28
  1827 | D        | Killed a yaktaur
  1849 | D        | Noticed a spiny frog
  1849 | D        | Noticed a komodo dragon
  1849 | D        | Noticed a spiny frog
  1851 | D        | Killed a spiny frog
  1851 | D        | Reached skill level 10 in Hexes
  1853 | D        | Killed a spiny frog
  1856 | D        | Killed a komodo dragon
  1884 | D        | Noticed a redback
  1886 | D        | Killed a redback
  1892 | D        | Noticed a brain worm
  1895 | D        | Killed a brain worm
  1903 | D        | Noticed a brain worm
  1905 | D        | Killed a brain worm
  1910 | D        | Noticed a lindwurm
  1912 | D        | Noticed a redback
  1913 | D        | Killed a lindwurm
  1913 | D        | Reached skill level 15 in Dodging
  1915 | D        | Killed a redback
  1919 | D        | Noticed a redback
  1920 | D        | Killed a redback
  1921 | D        | Noticed Maud
  1923 | D        | Killed Maud
  1923 | D        | Reached skill level 17 in Stealth
  1928 | D        | Noticed an electric eel
  1929 | D        | Noticed a four-headed hydra
  1929 | D        | Noticed a five-headed hydra
  1930 | D        | Killed an electric eel
  1932 | D        | Killed a five-headed hydra
  1933 | D        | Killed a four-headed hydra
  1977 | D        | Noticed a death drake
  1980 | D        | Killed a death drake
  2004 | D        | Found a blossoming altar of Fedhas.
  2004 | D        | Noticed a spriggan
  2004 | D        | Noticed a spriggan druid
  2004 | D        | Noticed a spriggan
  2019 | D        | HP: 1/87 [spriggan druid/quarterstaff (10)]
  2021 | D        | Killed from afar by a spriggan druid

Vault maps used:
D:        dungeon_sprint_mu

Action                   |  1- 3 |  4- 6 |  7- 9 | 10-12 || total
-------------------------+-------+-------+-------+-------++-------
Melee: Dagger            |    20 |     7 |    29 |    95 ||   151
 Cast: Ensorcelled Hiber |     4 |     1 |     8 |     7 ||    20
       Confuse           |       |       |     4 |     2 ||     6
Invok: Shadow Step       |       |       |     2 |     6 ||     8
  Use: Scroll            |     5 |       |       |       ||     5
       Potion            |     3 |       |       |     3 ||     6
 Stab: Sleeping          |     5 |     6 |    13 |    25 ||    49
       Confused          |       |       |     1 |       ||     1
